 Dungeon Crawl Stone Soup version 0.19.0-19-g8c6edcc (webtiles) character file.

95 Haldmier the Slasher (level 4, -1/29 HPs)
             Began as a High Elf Skald on Nov 16, 2016.
             Slain by Sigmund
             ... wielding a +0 scythe
              (8 damage)
             ... on level 2 of the Dungeon.
             The game lasted 00:07:47 (2654 turns).

Haldmier the Slasher (High Elf Skald)               Turns: 2654, Time: 00:07:48

Health: -1/29      AC:  5    Str: 12    XL:     4   Next: 40%
Magic:  8/8        EV: 11    Int: 16    God:
Gold:   99         SH:  0    Dex: 14    Spells: 3 memorised, 2 levels left

rFire  . . .     SeeInvis .     a - +0 falchion
rCold  . . .     Gourm    .     b - +0 leather armour
rNeg   . . .     Faith    .     (no shield)
rPois  .         Spirit   .     i - +1 helmet
rElec  .         Reflect  .     (no cloak)
rCorr  .         Harm     .     (no gloves)
MR     .....                    (no boots)
Stlth  +.........               (no amulet)
                                (no ring)
                                (no ring)

@: no status effects
A: no striking features
a: no special abilities


You were on level 2 of the Dungeon.
You were not hungry.

You visited 1 branch of the dungeon, and saw 3 of its levels.

You collected 99 gold pieces.

Inventory:

Hand Weapons
 a - a +0 falchion (weapon)
 m - a +0 hunting sling
Missiles
 e - 65 stones (quivered)
 h - 15 sling bullets
Armour
 b - a +0 leather armour (worn)
 i - a +1 helmet (worn)
 j - a +0 ring mail
Scrolls
 g - a scroll of remove curse {unknown}
 n - 2 scrolls of magic mapping {unknown}
 o - a scroll of blinking {unknown}
 p - a scroll of enchant armour {unknown}
 q - a scroll of teleportation {unknown}
 r - a scroll of immolation {unknown}
 t - a scroll of amnesia {unknown}
Potions
 k - a potion of lignification {unknown}
 l - 2 potions of haste {unknown}
Books
 c - a book of Battle

   Spells                             Type                      Level
   a - Infusion                       Charms                       1
   b - Shroud of Golubria             Charms/Translocation         2
   c - Song of Slaying                Charms                       2
   d - Spectral Weapon                Hexes/Charms                 3
   e - Regeneration                   Charms/Necromancy            3
Comestibles
 d - 2 bread rations
 f - a beef jerky
 s - 6 chunks of flesh


   Skills:
 - Level 2.0 Fighting
 + Level 4.3 Long Blades
 - Level 0.8 Armour
 - Level 1.1 Dodging
 - Level 2.6 Spellcasting
 + Level 1.3 Hexes
 - Level 3.6 Charms
 + Level 2.2 Translocations


You had 2 spell levels left.
You knew the following spells:

 Your Spells              Type           Power        Failure   Level  Hunger
a - Infusion              Chrm           ##..         8%          1    #......
b - Shroud of Golubria    Chrm/Tloc      ##........   12%         2    ##.....
c - Spectral Weapon       Hex/Chrm       ##......     28%         3    ###....


Dungeon Overview and Level Annotations

Branches:
Dungeon (3/15)

Altars:
Gozag

Annotations:
D:2 1 runed door, Sigmund
D:3 Haldmier's ghost, weakling HESk


Message History

You bump into the rock wall.
You bump into the rock wall.
You feel less confused.
You are confused.
You're too confused to move!
You bump into the rock wall.
A magic dart appears from out of thin air!
The magic dart hits you!
You're too confused to move!
You bump into the rock wall.
Something hits you.
Some of the chunks of flesh in your inventory have rotted away.
You're too confused to move!
You hear some strange, mumbled words.
A puff of flame appears from out of thin air!
The puff of flame hits you!
* * * LOW HITPOINT WARNING * * *
You're too confused to move!
You feel less confused. Something hits you!
You die...

### ### #.. ..# ############.##
#.# #......@......# #.#
##########.##########..# ##.##
............# #..# ##...##
###.######..#########..####.....#
#.....>....##...........#<.....
#.######{..##..####..#..#......
#.# #...##..# #..#.........
#.######...##.)## #..##.#.....<
###.#..@..........###..##.#...#.#


There were no monsters in sight!

Vanquished Creatures
  2 adders (D:2)
  2 worms
  A leopard gecko (D:1)
  A ball python (D:2)
  4 giant cockroaches
  7 goblins
  7 hobgoblins
  15 jackals
  11 kobolds
  A quokka (D:2)
  3 bats (D:1)
  2 frilled lizards (D:1)
  5 rats
61 creatures vanquished.

Notes
Turn   | Place    | Note
-------+----------+-------------------------------------------
     0 | D:1      | Haldmier the High Elf Skald began the quest for the Orb.
     0 | D:1      | Reached XP level 1. HP: 14/14 MP: 4/4
   269 | D:1      | Reached skill level 3 in Long Blades
   330 | D:1      | Reached XP level 2. HP: 16/19 MP: 4/6
   403 | D:1      | Learned a level 2 spell: Shroud of Golubria
   713 | D:1      | Reached skill level 1 in Translocations
   874 | D:1      | Reached XP level 3. HP: 24/24 MP: 2/7
   880 | D:1      | Learned a level 3 spell: Spectral Weapon
  1918 | D:2      | Found an opulent altar of Gozag.
  1940 | D:2      | Reached skill level 1 in Hexes
  2018 | D:2      | Reached skill level 4 in Long Blades
  2031 | D:2      | Found a runed door.
  2285 | D:2      | Reached XP level 4. HP: 24/29 MP: 5/8
  2607 | D:2      | Noticed Sigmund
  2632 | D:3      | Noticed Haldmier's ghost (weakling HESk)
  2654 | D:2      | Slain by Sigmund

Skill      XL: |  1  2  3 |
---------------+----------+-----
Long Blades    | 3 4 |  4.3
Translocations | 1 2 |  2.2
Hexes          | 1 |  1.3
Fighting       | |  2.0
Armour         | |  0.8
Dodging        | |  1.1
Spellcasting   | |  2.6
Charms         | |  3.6

Action                   |  1- 3 |  4- 6 || total
-------------------------+-------+-------++-------
Melee: Falchion          |   127 |    24 ||   151
 Fire: Hunting sling     |    10 |       ||    10
 Cast: Infusion          |    28 |     2 ||    30
       Shroud of Golubri |     5 |     2 ||     7
 Stab: Sleeping          |     1 |       ||     1
  Eat: Chunk             |     5 |     1 ||     6
Armor: Leather armour    |    43 |    11 ||    54
Dodge: Dodged            |    72 |    17 ||    89
       Rpst.: Falchion   |    19 |     4 ||    23
